 Dungeon Crawl Stone Soup version 0.31.0-11-ge490571c62 (webtiles) character file.

Game seed: 18033571142925397536

79 SnakkuSnakku7 the Ducker (level 4, -1/33 HPs)
             Began as a Merfolk Air Elementalist on Jan 30, 2024.
             Slain by a gnoll
             ... wielding a +0 halberd
              (13 damage)
             ... on level 3 of the Dungeon.
             The game lasted 00:04:44 (2155 turns).

SnakkuSnakku7 the Ducker (Merfolk Air Elementalist) Turns: 2155, Time: 00:04:45

Health: -1/33      AC:  2    Str:  7 (9)  XL:     4   Next: 38%
Magic:  7/7        EV: 13    Int: 11 (13) God:
Gold:   37         SH:  0    Dex: 24      Spells: 6/7 levels left

rFire   . .          .
                       - Unarmed
rCold   . . .        (no shield)
rNeg    . . .        a - +0 robe
rPois   +            (no helmet)
rElec   .            (no cloak)
rCorr   .            (no gloves)
SInv    .            (no boots)
Will    +....        (no amulet)
Stlth   +++          f - +6 ring of dexterity
HPRegen 0.25/turn    (no ring)
MPRegen 0.10/turn

%: no passive effects
@: no status effects
A: (nimble swimmer 2), mertail, agile 1, deterioration 1, strong-willed 1,
poison resistance
a: no special abilities


You were on level 3 of the Dungeon.
You visited 1 branch of the dungeon, and saw 3 of its levels.

You collected 97 gold pieces.
You spent 60 gold pieces at shops.

Inventory:

Missiles
 o - a throwing net
Armour
 a - a +0 robe (worn)
 c - a +0 ring mail
Jewellery
 f - a +6 ring of dexterity (left hand)
Talismans
 g - a talisman of death
Scrolls
 d - a scroll of amnesia
 e - a scroll of fog
 h - a scroll of teleportation
 j - 2 scrolls of revelation
 k - a scroll of immolation {unknown}
 l - a scroll of enchant weapon {unknown}
 m - a scroll of noise {unknown}
 n - a scroll of poison {unknown}
Potions
 b - a potion of magic
 i - a potion of invisibility


   Skills:
 - Level 1.8 Fighting
 - Level 2.6 Dodging
 - Level 2.1 Stealth
 + Level 2.5 Unarmed Combat
 - Level 2.0 Spellcasting
 - Level 0.7 Conjurations
 - Level 2.4 Air Magic
 * Level 2.5 Shapeshifting


You had 6 spell levels left.
You knew the following spells:

 Your Spells              Type           Power      Damage    Failure   Level
a - Shock                 Conj/Air       16%        1d4       16%         1

Your spell library contained the following spells:

 Spells                   Type           Power      Damage    Failure   Level
 Static Discharge         Conj/Air       8%         3-4/arc   24%         2
 Swiftness                Air            6%         N/A       32%         3
 Airstrike                Air            3%         2d(1-17)  73%         4


Dungeon Overview and Level Annotations

Branches:
Dungeon (3/15)

Altars:
Gozag
Okawaru

Shops:
D:2 :(:*

Annotations:
D:2 Sigmund, Terence
D:3 Grinder, Ijyb


Innate Abilities, Weirdness & Mutations

((You are very nimble when in or above water. (Stealth+, EV+, Speed+++)))
Your lower body shifts to a powerful aquatic tail in water.
You are agile. (Dex +4, Str/Int -1)
Your body sometimes deteriorates upon taking damage.
You are strong-willed. (Will+)
Your system is resistant to poisons. (rPois)


Message History

The frilled lizard hisses angrily.
You punch the hobgoblin, but do no damage.
The hobgoblin closely misses you.
You hit the hobgoblin but do no damage. The hobgoblin hits you.
You hit the hobgoblin but do no damage. The hobgoblin closely misses you.
You hit the hobgoblin.
The hobgoblin is heavily wounded.
The hobgoblin barely misses you.
You barely miss the hobgoblin.
The hobgoblin is heavily wounded.
The hobgoblin hits you.
You hit the hobgoblin.
The hobgoblin is almost dead.
The hobgoblin completely misses you.
You hit the hobgoblin.
You kill the hobgoblin!
You barely miss the frilled lizard.
The frilled lizard hisses.
The frilled lizard closely misses you.
You hit the frilled lizard.
You kill the frilled lizard!
Things that are here:
a frilled lizard corpse; a hobgoblin corpse 2 gnolls come into view.
The gnoll shouts! x2; You hear a shout!
There are monsters nearby!
Things that are here:
a frilled lizard corpse; a hobgoblin corpse The gnoll attacks as it pursues you!
The gnoll hits you from afar with a +0 halberd!
There is an open gate, spattered with blood here.
There is an open gate here.
The gnoll closely misses you.
There is an open gate here.
The gnoll attacks as it pursues you!
The gnoll hits you from afar with a +0 halberd!
Your body deteriorates!
You feel dopey. The gnoll attacks as it pursues you!
The gnoll hits you from afar with a +0 halberd!
You die...

#...........#
#...........####
#.###.#####....# #.
...# #.####
.##########.# .
#.......# #.#######
. ###.###...#
##.#..@.##._.#
..........#...#####
###.#...g.#'''#...##
#
#.....#...#....####
#...#.g.#g'.#.....#
#.##..'.#.'.......#
#. #..'.#.'.......#
.....##...#.##.##.#
.#.... #'''#.##.##.#


You could see 2 gnolls.

Vanquished Creatures
  Jessica (D:2)
  A dart slug (D:1)
  2 ribbon worms
  An orc (D:2)
  A bat (D:1)
  4 endoplasms
  3 giant cockroaches (D:1)
  6 goblins
  2 hobgoblins
  3 quokkas
  5 ball pythons
  3 frilled lizards
  9 kobolds
  2 rats (D:1)
43 creatures vanquished.

Notes
Turn   | Place    | Note
-------+----------+-------------------------------------------
     0 | D:1      | SnakkuSnakku7 the Merfolk Air Elementalist began the quest
                  | for the Orb.
     0 | D:1      | Reached XP level 1. HP: 13/13 MP: 3/3
    89 | D:1      | Reached skill level 1 in Fighting
    89 | D:1      | Reached skill level 1 in Unarmed Combat
   177 | D:1      | Reached XP level 2. HP: 3/21 MP: 0/5
   451 | D:1      | Reached XP level 3. HP: 18/27 MP: 4/6
   726 | D:2      | Found Xyfaap's Book Shop.
   730 | D:2      | Noticed Terence
   794 | D:2      | Noticed Jessica
   794 | D:2      | Found Wosuha's Assorted Antiques.
  1101 | D:2      | Found Wout Syd's Antique Armour Shoppe.
  1162 | D:3      | Noticed Ijyb
  1162 | D:3      | Noticed Grinder
  1184 | D:2      | Reached skill level 1 in Shapeshifting
  1224 | D:2      | Found Asaixes's Antique Weapon Shoppe.
  1287 | D:2      | Found Feafeurch's Book Shop.
  1527 | D:2      | Gained mutation: You are agile. (Dex +4, Str/Int -1)
                  | [potion of mutation]
  1527 | D:2      | Gained mutation: Your body sometimes deteriorates upon
                  | taking damage. [potion of mutation]
  1527 | D:2      | Gained mutation: Your system is resistant to poisons.
                  | (rPois) [potion of mutation]
  1527 | D:2      | Gained mutation: You are strong-willed. (Will+) [potion of
                  | mutation]
  1534 | D:2      | Killed Jessica
  1535 | D:2      | Reached XP level 4. HP: 5/33 MP: 7/7
  1649 | D:2      | Bought a scroll labelled IHUVIBR TOACE for 30 gold pieces
  1649 | D:2      | Bought a scroll labelled GECEGY RYCECWI for 30 gold pieces
  1650 | D:2      | Noticed Sigmund
  2108 | D:3      | Found an opulent altar of Gozag.
  2114 | D:3      | Found an iron altar of Okawaru.
  2155 | D:3      | Slain by a gnoll

Illustrated notes

Levels and vault maps discovered:
D:1:      scummos_arrival_checkerplants, layout_basic, minmay_pentomino_r4
D:2:      layout_rooms, serial_shops, nicolae_shop_advertising_works
          [nicolae_subvault_shop_adworks], shop, nicolae_shop_behind_doors,
          shop, nicolae_shop_temple_entry_statues_fountains,
          kennysheep_generic_room_8, uniq_terence, uniq_sigmund, uniq_jessica
D:3:      layout_basic, xom_teletrap_fun, mainiacjoe_overflow_big_doors,
          ebering_ghost_sewer_d, uniq_ijyb, uniq_grinder

Skill      XL: |  1  2  3 |
---------------+----------+-----
Fighting       | 1 |  1.8
Unarmed Combat | 1 2 |  2.5
Shapeshifting  | 2 |  2.5
Dodging        | |  2.6
Stealth        | |  2.1
Spellcasting   | |  2.0
Conjurations   | |  0.7
Air Magic      | |  2.4

Action                     |  1- 3 |  4- 6 || total
---------------------------+-------+-------++-------
  Melee: Unarmed           |   186 |    57 ||   243
         Punch             |     3 |     3 ||     6
   Cast: Shock             |    14 |       ||    14
    Use: Scroll            |     2 |     4 ||     6
         Potion            |     2 |       ||     2
   Stab: Sleeping          |     2 |       ||     2
 Armour: Robe              |   100 |    27 ||   127
  Dodge: Dodged            |   118 |    25 ||   143
